 Dungeon Crawl Stone Soup version 0.22.1-1-ga44c0e56f4 (webtiles) character file.

63 Jynx the Insei (level 4, -1/28 HPs)
             Began as an Octopode Transmuter on Nov 5, 2018.
             Slain by a worm (5 damage)
             ... on level 2 of the Dungeon.
             The game lasted 00:01:43 (772 turns).

Jynx the Insei (Octopode Transmuter)                 Turns: 772, Time: 00:01:44

Health: -1/28      AC:  1    Str:  9    XL:     4   Next: 10%
Magic:  6/7        EV: 13    Int: 15    God:
Gold:   36         SH:  0    Dex: 13    Spells: 5/8 levels left

rFire    . . .     SeeInvis .     - Unarmed
rCold    . . .     Gourm    .   (no shield)
rNeg     . . .     Faith    .   (helmet restricted)
rPois    .         Spirit   .   (no amulet)
rElec    .         Reflect  .   (no ring)
rCorr    .         Harm     .   (no ring)
MR       .....                  (no ring)
Stlth    ++........             (no ring)
HPRegen  0.09/turn              (no ring)
MPRegen  0.10/turn              (no ring)
                                (no ring)
                                (no ring)

@: appendage (expiring)
A: almost no armour, stealthy swim, amphibious, 8 rings, constrict 8, tentacle
spike 3, camouflage 1, gelatinous body 1
a: End Transformation


You were on level 2 of the Dungeon.
You were not hungry.
One of your tentacles had a temporary spike.
You visited 1 branch of the dungeon, and saw 2 of its levels.

You collected 36 gold pieces.

Inventory:

Missiles
 a - 35 arrows
Scrolls
 b - a scroll of immolation {unknown}
 f - a scroll of identify {unknown}
 g - a scroll of remove curse {unknown}
 h - a scroll of fear {unknown}
 i - a scroll of teleportation {unknown}
 j - a scroll of blinking {unknown}
Potions
 e - a potion of haste {unknown}
Comestibles
 c - 2 rations
 d - 3 chunks of flesh


   Skills:
 - Level 1.0 Fighting
 - Level 2.0 Dodging
 + Level 3.5 Unarmed Combat
 + Level 2.6 Spellcasting
 * Level 3.3 Transmutations


You had 5 spell levels left.
You knew the following spells:

 Your Spells              Type           Power        Failure   Level  Hunger
a - Beastly Appendage     Tmut           ##....       5%          1    #......
b - Sticks to Snakes      Tmut           ##......     9%          2    ###....

Your spell library contained the following spells:

 Spells                   Type           Power        Failure   Level  Hunger
 Spider Form              Tmut/Pois      #.........   32%         3    ###....
 Ice Form                 Ice/Tmut       #.......     71%         4    #####..
 Blade Hands              Tmut           ##........   83%         5    ######.


Dungeon Overview and Level Annotations

Branches:
Dungeon (2/15)

Altars:


Innate Abilities, Weirdness & Mutations

You cannot wear most types of armour.
You are very stealthy in the water. (Stealth+)
You are amphibious.
You can wear up to eight rings at the same time.
You can use your tentacles to constrict eight enemies at once.
Your skin changes colour to match your surroundings (Stealth+).
Your rubbery body absorbs attacks. (AC +1, EV +1)
One of your tentacles bears a large vicious spike.


Message History

You tentacle-slap the goblin.
You kill the goblin!
Casting: Beastly Appendage (safe; 5% risk of failure)
Confirm with . or Enter, or press ? or * to list all spells.
One of your tentacles grows a vicious spike.
The worm bites you!
You tentacle-slap the worm. You grab the worm.
You pierce the worm, but do no damage.
You squeeze the worm.
The worm is heavily wounded.
You constrict the worm. The worm bites you!
* * * LOW HITPOINT WARNING * * *
You tentacle-slap the worm but do no damage.
You pierce the worm, but do no damage.
The worm is heavily wounded.
Your transformation is almost over.
You constrict the worm. You completely miss the worm. You squeeze the worm.
The worm is severely wounded.
You constrict the worm. The worm bites you.
You die...

#############
#....#..(...#
#####....#......####
........('......'..##
###..).(#......##..#
#.w@..#......###.##
......#'###......#
#..# ##### #.#
######## ##.## #.#
#..# #.# ##.# ..#
######.. ... ........
#.# #######. ##


You could see a worm.

Vanquished Creatures
  Jessica (D:2)
  Natasha (D:2)
  A leopard gecko (D:1)
  3 goblins
  2 hobgoblins (D:1)
  3 bats
  3 rats (D:2)
14 creatures vanquished.

Vanquished Creatures (others)
  5 toadstools (D:1)
5 creatures vanquished.

Grand Total: 19 creatures vanquished

Notes
Turn   | Place    | Note
-------+----------+-------------------------------------------
     0 | D:1      | Jynx the Octopode Transmuter began the quest for the Orb.
     0 | D:1      | Reached XP level 1. HP: 13/13 MP: 3/3
   322 | D:1      | Reached XP level 2. HP: 17/18 MP: 5/5
   326 | D:1      | Learned a level 2 spell: Sticks to Snakes
   524 | D:2      | Noticed Natasha
   532 | D:2      | Killed Natasha
   532 | D:2      | Reached XP level 3. HP: 15/23 MP: 4/6
   664 | D:2      | Noticed Jessica
   676 | D:2      | Killed Jessica
   676 | D:2      | Reached XP level 4. HP: 28/28 MP: 7/7
   772 | D:2      | Slain by a worm

Skill      XL: |  1  2  3 |
---------------+----------+-----
Transmutations | 3 |  3.3
Fighting       | |  1.0
Dodging        | |  2.0
Unarmed Combat | |  3.5
Spellcasting   | |  2.6

Action                   |  1- 3 |  4- 6 || total
-------------------------+-------+-------++-------
Melee: Unarmed           |    21 |    12 ||    33
       Constrict         |     6 |     5 ||    11
       Tentacles         |     4 |     2 ||     6
       Punch             |     1 |       ||     1
       Kick              |     2 |     3 ||     5
 Cast: Beastly Appendage |     3 |     2 ||     5
 Stab: Sleeping          |     1 |     1 ||     2
Armor: Skin              |       |     1 ||     1
Dodge: Dodged            |    13 |     6 ||    19
